 Dungeon Crawl Stone Soup version 0.28.0-45-g0d030f2227 (webtiles) character file.

Game seed: 14085085940528388881

2 dohliylev the Sneak (level 1, -1/9 HPs)
             Began as a Spriggan Enchanter on May 10, 2022.
             Killed by divine providence
             ... invoked by an orc priest
              (10 damage)
             ... on level 2 of the Dungeon.
             The game lasted 00:01:08 (365 turns).

dohliylev the Sneak (Spriggan Enchanter)             Turns: 365, Time: 00:01:09

Health: -1/9       AC:  2    Str:  4    XL:     1   Next: 25%
Magic:  5/5        EV: 17    Int: 16    God:
Gold:   8          SH:  0    Dex: 15    Spells: 5/5 levels left

rFire   . . .      SeeInvis +   a - +1 dagger
rCold   . . .      Faith    .   (no shield)
rNeg    . . .      Spirit   .   b - +0 robe
rPois   .          Reflect  .   (helmet restricted)
rElec   .          Harm     .   (no cloak)
rCorr   .          Rampage  .   (gloves unavailable)
Will    .....                   (boots unavailable)
Stlth   +++.......              (no amulet)
HPRegen 0.03/turn               (no ring)
MPRegen 0.09/turn               (no ring)

@: very quick
A: very small, no large weapons, unfitting armour, see invisible, speed 3
a: no special abilities


You were on level 2 of the Dungeon.
You visited 1 branch of the dungeon, and saw 2 of its levels.

You collected 8 gold pieces.

Inventory:

Hand Weapons
 a - a +1 dagger (weapon)
Armour
 b - a +0 robe (worn)
Magical Staves
 d - a staff of conjuration
Scrolls
 e - a scroll of teleportation {unknown}
Potions
 c - a potion of invisibility


   Skills:
 + Level 1.1 Short Blades
 + Level 2.7 Dodging
 + Level 4.6 Stealth
 + Level 2.6 Spellcasting
 + Level 3.6 Hexes


You had 5 spell levels left.
You didn't know any spells.
Your spell library contained the following spells:

 Spells                   Type           Power      Damage    Failure   Level
 Confusing Touch          Hex            13%        N/A       13%         3
 Tukima's Dance           Hex            13%        N/A       13%         3
 Ensorcelled Hibernation  Hex/Ice        16%        N/A       14%         2
 Dazzling Flash           Conj/Hex       16%        N/A       26%         3


Dungeon Overview and Level Annotations

Branches:
Dungeon (1/15)

Altars:


Innate Abilities, Weirdness & Mutations

You are very small and have problems with some larger weapons.
You are too small for most types of armour.
You have supernaturally acute eyesight. (SInv)
You cover ground extremely quickly. (Speed+++)


Message History

The bat hits you but does no damage.
There is a staircase leading out of the dungeon here.
A goblin comes into view. It is wielding a +0 club.
The bat barely misses you. The bat completely misses you. The bat misses you.
The bat misses you.
A goblin comes into view. It is wielding a +0 club.
The goblin shouts!
A frilled lizard comes into view.
The frilled lizard hisses angrily.
The bat barely misses you. The bat barely misses you. The bat misses you.
The bat misses you.
You see here a scroll labelled ASOKEV XIBBOICH.
e - a scroll labelled ASOKEV XIBBOICH The bat closely misses you.
The bat barely misses you. The bat completely misses you.
The bat barely misses you.
There is a shaft here.
You fall into a shaft and drop 1 floor!
The shaft crumbles and collapses.
You start resting.
HP restored.
An orc priest comes into view. It is wielding a +0 dagger.
The orc priest shouts!
You hear a shout!
Found a stone staircase leading down.
Found a scroll labelled TAIKLE MAACA.
Found a scale mail.
A ball python comes into view.
The ball python hisses angrily.
You see here a scroll labelled TAIKLE MAACA.
An orc wizard comes into view. It is wielding a +0 dagger.
An orc comes into view. It is wielding a +1 dagger of venom.
An adder comes into view.
The orc priest mumbles some strange prayers to Beogh against you.
Beogh smites you!
Ouch! That really hurt!
You die...

.. #.# .... #.# #...#
#.# #.....##.#
...o......# ...S..o#..##
...o.......+
##.####.##.@#
#..#........#
#.##.......S#
######.#####.[...#
..........##.....#
######.##.###..?.######.
#.##.# ##..........
#.##.# #...#######
#.##.# #...#


You could see an orc priest, an orc wizard (wandering), an adder (wandering), an
orc (wandering) and a ball python.

Vanquished Creatures
  A bat (D:1)
  A rat (D:1)
2 creatures vanquished.

Notes
Turn   | Place    | Note
-------+----------+-------------------------------------------
     0 | D:1      | dohliylev the Spriggan Enchanter began the quest for the
                  | Orb.
     0 | D:1      | Reached XP level 1. HP: 9/9 MP: 5/5
   108 | D:1      | You fall into a shaft and drop 1 floor!
   341 | D:2      | Noticed an orc priest
   361 | D:2      | Noticed an orc wizard
   365 | D:2      | Killed from afar by an orc priest

Illustrated notes

Levels and vault maps discovered:
D:1:      minmay_arrival_radiant_lines, layout_rooms
D:2:      layout_basic

Action                   || total
-------------------------++-------
Melee: Dagger            ||     4
 Stab: Sleeping          ||     1
Armor: Robe              ||     2
Dodge: Dodged            ||    26
